 Dungeon Crawl Stone Soup version 0.26-a0-812-g31a745ddcd (webtiles) character file.

Game seed: 315538408197036141

415 strifetoe the Cleaver (level 6, -6/51 HPs)
             Began as a Hill Orc Fighter on Nov 14, 2020.
             Mangled by an ogre
             ... wielding a +0 giant spiked club
              (25 damage)
             ... on level 4 of the Dungeon.
             The game lasted 00:03:05 (3190 turns).

strifetoe the Cleaver (Hill Orc Fighter)            Turns: 3190, Time: 00:03:06

Health: -6/51      AC:  8    Str: 27    XL:     6   Next: 91%
Magic:  6/6        EV:  5    Int:  8    God:
Gold:   219        SH: 15    Dex: 10    Spells: 5/5 levels left

rFire    . . .     SeeInvis .   a - +0 war axe
rCold    . . .     Faith    .   j - +0 tower shield
rNeg     . . .     Spirit   .   b - +0 scale mail
rPois    .         Reflect  .   q - +0 helmet
rElec    .         Harm     .   (no cloak)
rCorr    .         Rampage  .   (no gloves)
MR       .....     Rnd*Tele +   (no boots)
Stlth    ..........             (no amulet)
HPRegen  0.17/turn              l - +6 ring of strength
MPRegen  0.10/turn              h - ring of teleportation (curse)

@: no status effects
A: no striking features
a: no special abilities


You were on level 4 of the Dungeon.
You visited 1 branch of the dungeon, and saw 4 of its levels.

You collected 219 gold pieces.

Inventory:

Hand Weapons
 a - a +0 war axe (weapon)
Missiles
 g - 5 silver javelins (quivered)
Armour
 b - a +0 scale mail (worn)
 c - a +0 kite shield
 j - a +0 tower shield (worn)
 q - a +0 helmet (worn)
Jewellery
 h - a cursed ring of teleportation (right hand)
 l - a +6 ring of strength (left hand)
 o - an uncursed ring of flight
Scrolls
 e - 5 scrolls of identify
 k - a scroll of fog {unknown}
 m - a scroll of teleportation {unknown}
 n - a scroll of enchant armour {unknown}
 p - 3 scrolls of immolation {unknown}
 r - 2 scrolls of remove curse {unknown}
 t - a scroll of enchant weapon {unknown}
Potions
 f - 5 potions of curing
 i - 4 potions of heal wounds
 s - 2 potions of brilliance
 v - a potion of ambrosia


   Skills:
 - Level 3.6 Fighting
 + Level 9.4 Axes
 - Level 3.2 Armour
 - Level 3.2 Shields


You had 5 spell levels left.
You didn't know any spells.
Your spell library contained the following spells:

 Spells                   Type           Power        Failure   Level
 Animate Skeleton         Necr           #.....       100%        1
 Apportation              Tloc           #.....       100%        1
 Corona                   Hex            #......      100%        1
 Summon Small Mammal      Summ           #...         100%        1
 Ensorcelled Hibernation  Hex/Ice        #.....       100%        2
 Confusing Touch          Hex            #.......     100%        3
 Dazzling Flash           Conj/Hex       #.....       100%        3
 Tukima's Dance           Hex            #.......     100%        3


Dungeon Overview and Level Annotations

Branches:
Dungeon (4/15)
 Temple: D:4-7

Altars:
Gozag
Okawaru
Sif Muna
Trog
Zin

Annotations:
D:3 exclusion: downstairs
D:4 1 runed translucent door, pigah's ghost, amateur DrWn


Message History

The ogre is severely wounded.
The ogre hits you with a +0 giant spiked club!!
Ouch! That really hurt!
You are too injured to fight recklessly!
You are too injured to fight recklessly!
You are too injured to fight recklessly!
You are too injured to fight recklessly!
You are too injured to fight recklessly!
You are too injured to fight recklessly!
You are too injured to fight recklessly!
You are too injured to fight recklessly!
You are too injured to fight recklessly!
You are too injured to fight recklessly!
You are too injured to fight recklessly!
You are too injured to fight recklessly!
Unknown command.
You hit the ogre.
The ogre is severely wounded.
The ogre hits you with a +0 giant spiked club!!
You die...

###########
#....<....#
###...#####.#
..... ..##
#.... ..#
#..... ..# #
###...##.##.#
#...O.....#
####### #@.#
#.....# #.##
#.....######.#
#.....#......#
#.....#.####.#
#.....#.####.#
###........#.#
#####.##...#
#....†...#.#


You could see an ogre.

Vanquished Creatures
  An ice beast (D:4)
  An ogre (D:4)
  A howler monkey (D:4)
  An iguana (D:4)
  A hound skeleton (D:4)
  6 adders
  An ooze (D:1)
  2 worms (D:2)
  3 dart slugs
  A leopard gecko (D:3)
  3 orcs
  A bat (D:2)
  4 giant cockroaches
  16 goblins
  12 hobgoblins
  9 jackals
  8 kobolds
  A quokka (D:4)
  A ball python (D:4)
  2 frilled lizards (D:2)
  A quokka skeleton (D:4)
  9 rats
85 creatures vanquished.

Notes
Turn   | Place    | Note
-------+----------+-------------------------------------------
     0 | D:1      | strifetoe the Hill Orc Fighter began the quest for the Orb.
     0 | D:1      | Reached XP level 1. HP: 19/19 MP: 1/1
    96 | D:1      | Reached skill level 3 in Axes
   103 | D:1      | Reached XP level 2. HP: 22/26 MP: 2/2
   232 | D:1      | Reached skill level 4 in Axes
   275 | D:1      | Reached XP level 3. HP: 20/31 MP: 3/3
   291 | D:1      | Reached skill level 5 in Axes
   895 | D:2      | Reached XP level 4. HP: 24/39 MP: 4/4
  1551 | D:2      | Reached skill level 6 in Axes
  1987 | D:3      | Reached XP level 5. HP: 45/45 MP: 5/5
  2187 | D:3      | Reached skill level 7 in Axes
  2281 | D:3      | Found a glowing silver altar of Zin.
  2281 | D:3      | Found an opulent altar of Gozag.
  2286 | D:3      | Found an iron altar of Okawaru.
  2288 | D:3      | Found a bloodstained altar of Trog.
  2289 | D:3      | Found a shimmering blue altar of Sif Muna.
  2556 | D:4      | Noticed an ogre
  2678 | D:4      | Found a runed translucent door.
  2681 | D:4      | Noticed pigah's ghost (amateur DrWn)
  2693 | D:4      | Reached skill level 8 in Axes
  2693 | D:4      | Reached XP level 6. HP: 48/51 MP: 6/6
  2740 | D:4      | Noticed an ice beast
  2753 | D:4      | Killed an ice beast
  3035 | D:4      | Reached skill level 9 in Axes
  3190 | D:4      | Mangled by an ogre

Illustrated notes

Levels and vault maps discovered:
D:1:      dpeg_arrival_erosion, layout_basic, st_stairs_14, minmay_heptomino_w4
D:2:      kennysheep_big_flooded_room, layout_basic
D:3:      layout_basic, chequers_temple_overflow_minitemple,
          kennysheep_generic_room_11
D:4:      layout_loops_cross, hellmonk_ghost_happy_afterlife

Skill      XL: |  1  2  3  4  5  6 |
---------------+-------------------+-----
Axes           | 3 4 5 6 8 9 |  9.4
Fighting       | |  3.6
Armour         | |  3.2
Shields        | |  3.2

Action                   |  1- 3 |  4- 6 || total
-------------------------+-------+-------++-------
Melee: War axe           |    99 |   145 ||   244
  Use: Scroll            |       |     6 ||     6
       Potion            |       |     2 ||     2
Armor: Scale mail        |    45 |    49 ||    94
       Skin              |       |     3 ||     3
Dodge: Dodged            |    36 |    27 ||    63
Block: Kite shield       |    50 |       ||    50
       Tower shield      |    21 |   103 ||   124

Table legend: (Time is in decaauts)
 A = Elapsed time spent in this place.
 B = Non-inter-level travel time spent in this place.
 C = Inter-level travel time spent in this place.
 D = Time resting spent in this place.
 E = Time spent auto-exploring this place.
 F = Levels seen in this place.
 G = Mean time per level.
                   A        B        C        D        E       F      G
               +--------+--------+--------+--------+--------+-----+--------+
         Total |   3267 |   3134 |    133 |    464 |   2074 |   4 |  816.8 |
       Dungeon |   3267 |   3134 |    133 |    464 |   2074 |   4 |  816.8 |
               +--------+--------+--------+--------+--------+-----+--------+

Top non-repeatable levels by time:
     D:2: 1131 daAuts
     D:1: 834 daAuts
     D:3: 695 daAuts
     D:4: 605 daAuts
